 Dungeon Crawl Stone Soup version 0.28-a0-1524-ge72afd5fc6 (webtiles) character file.

Game seed: 537339788865317170

2 psuckher the Sneak (level 1, -3/18 HPs)
             Began as a Barachi Delver on Jan 17, 2022.
             Killed from afar by an orc wizard (8 damage)
             ... with a puff of flame
             ... on level 5 of the Dungeon.
             The game lasted 00:00:34 (89 turns).

psuckher the Sneak (Barachi Delver)                   Turns: 89, Time: 00:00:35

Health: -3/18      AC:  6    Str: 13    XL:     1   Next: 40%
Magic:  1/1        EV:  9    Int: 10    God:
Gold:   0          SH:  0    Dex: 13    Spells: 0/0 levels left

rFire   . . .      SeeInvis .   a - +0 falchion
rCold   . . .      Faith    .   (no shield)
rNeg    . . .      Spirit   .   h - +0 scale mail
rPois   .          Reflect  .   (no helmet)
rElec   .          Harm     .   (no cloak)
rCorr   .          Rampage  .   (no gloves)
Will    .....                   (no boots)
Stlth   +.........              (no amulet)
HPRegen 0.06/turn               (no ring)
MPRegen 0.07/turn               (no ring)

@: slow
A: amphibious, slowness 1, strong legs 1, +LOS
a: Hop


You were on level 5 of the Dungeon.
You visited 1 branch of the dungeon, and saw 1 of its levels.

Inventory:

Hand Weapons
 a - a +0 falchion (weapon)
Armour
 b - a +0 leather armour
 h - a +0 scale mail (worn)
Wands
 g - a wand of digging (3)
Scrolls
 c - a scroll of fog
 d - a scroll of magic mapping
 e - a scroll of fear
Potions
 f - a potion of haste


   Skills:
 + Level 3.6 Fighting
 + Level 2.4 Long Blades
 + Level 2.1 Dodging
 + Level 4.6 Stealth


You couldn't memorise any spells.
You didn't know any spells.
Your spell library was empty.

Dungeon Overview and Level Annotations

Branches:
Dungeon (5/15)
 Temple: D:4-7

Altars:


Innate Abilities, Weirdness & Mutations

You are amphibious.
You cover ground slowly.
You can hop short distances.
You have an extended range of vision and can be seen from far away.


Message History

A dart slug comes into view.
Found a scale mail. 2 gnolls come into view.
The helpless dart slug fails to defend itself.
You hit the dart slug.
The dart slug is severely wounded.
The dart slug launches a dart at you. The slug dart hits you.
You hit the dart slug but do no damage.
The dart slug is severely wounded.
The dart slug bites you.
You hit the dart slug.
The dart slug is severely wounded.
The dart slug bites you.
You hit the dart slug.
You kill the dart slug!
You see here a +0 scale mail.
h - a +0 scale mail You start removing your armour.
You continue taking off your +0 leather armour. x4
You finish taking off your +0 leather armour.
You start putting on your armour.
You continue putting on your +0 scale mail. x5
You finish putting on your +0 scale mail.
An orc wizard, an orc and a gnoll come into view.
The orc is wielding a +0 flail of draining.
The orc wizard shouts!
The orc shouts!
An orc wizard comes into view. It is wielding a +0 dagger.
The orc moves out of view.
An orc wizard comes into view. It is wielding a +0 dagger.
The orc wizard moves out of view.
An orc comes into view. It is wielding a +0 mace.
The orc moves out of view.
The orc wizard gestures at you while chanting.
The magic dart hits you!
Ouch! That really hurt!
* * * LOW HITPOINT WARNING * * *
The orc wizard casts a spell at you. The puff of flame hits you!
You die...

#.............#
#...........###
#.........#.## .
#.........#..# ..
#.........##o# .#
#.........##.# ...#
#.........##o# ...#
#.........##.# ....###
############@#........
#...........
#.#.#.#..... #.#.>....
. #.##..#...
#.....#####.
###.........
###....##### #...#..#


You could see an orc wizard and an orc.

Vanquished Creatures
  A dart slug (D:5)
1 creature vanquished.

Notes
Turn   | Place    | Note
-------+----------+-------------------------------------------
     0 | D:5      | psuckher the Barachi Delver began the quest for the Orb.
     0 | D:5      | Reached XP level 1. HP: 18/18 MP: 1/1
    75 | D:5      | Noticed an orc wizard
    75 | D:5      | Noticed an orc wizard
    76 | D:5      | Noticed an orc wizard
    89 | D:5      | Killed from afar by an orc wizard

Illustrated notes

Levels and vault maps discovered:
D:5:      layout_basic, nicolae_dithmenos_the_darkroom,
          nicolae_sif_muna_condensation, serial_glass, glass_columns_a,
          glass_columns_a

Action                   || total
-------------------------++-------
Melee: Falchion          ||     4
 Stab: Sleeping          ||     1

Table legend: (Time is in decaauts)
 A = Elapsed time spent in this place.
 B = Non-inter-level travel time spent in this place.
 C = Inter-level travel time spent in this place.
 D = Time resting spent in this place.
 E = Time spent auto-exploring this place.
 F = Levels seen in this place.
 G = Mean time per level.
                   A        B        C        D        E       F      G
               +--------+--------+--------+--------+--------+-----+--------+
         Total |    104 |    104 |      0 |      0 |      0 |   1 |  104.0 |
       Dungeon |    104 |    104 |      0 |      0 |      0 |   1 |  104.0 |
               +--------+--------+--------+--------+--------+-----+--------+

Top non-repeatable levels by time:
     D:5: 104 daAuts
